 Dungeon Crawl Stone Soup version 0.22-a0-392-g5dc3fd9 (webtiles) character file.

287 theanonym the Cudgeler (level 6, 0/49 HPs)
             Began as a Mummy Chaos Knight on May 2, 2018.
             Slain by a sky beast (2 damage)
             ... on level 4 of the Dungeon.
             The game lasted 00:07:51 (3325 turns).

theanonym the Cudgeler (Mummy Chaos Knight)         Turns: 3325, Time: 00:07:52

Health: 0/49       AC:  7    Str: 17    XL:     6   Next: 8%
Magic:  6/6        EV:  8    Int: 11    God:    Xom [..*...]
Gold:   108        SH:  3    Dex: 12    Spells: 5/5 levels left

rFire    x . .     SeeInvis .   a - +0 mace (chaos)
rCold    + . .     Gourm    .   h - +0 buckler
rNeg     + + +     Faith    .   i - +0 scale mail
rPois    ∞         Spirit   .   j - +0 helmet (curse)
rElec    .         Reflect  .   (no cloak)
rCorr    .         Harm     .   (no gloves)
MR       .....                  (no boots)
Stlth    ..........             (no amulet)
HPRegen  0.16/turn              (no ring)
MPRegen  0.10/turn              (no ring)

@: cleaving
A: no food or potions, fire vulnerability, cold resistance 1, negative energy
resistance 3, torment resistance, unbreathing
a: Renounce Religion


Innate Abilities, Weirdness & Mutations

You do not eat or drink.
Your flesh is vulnerable to fire.
You are immune to poison.
Your flesh is cold resistant. (rC+)
You are immune to negative energy. (rN+++)
You are immune to unholy pain and torment.
You can survive without breathing.


   Skills:
 + Level 4.5 Fighting
 * Level 4.9 Maces & Flails
 - Level 1.5 Armour
 - Level 0.7 Dodging


You had 5 spell levels left.
You didn't know any spells.

Skill      XL: |  1  2  3  4 |
---------------+-------------+-----
Maces & Flails | 3 4 |  4.9
Fighting       | 4 |  4.5
Armour         | |  1.5
Dodging        | |  0.7

Action                   |  1- 3 |  4- 6 || total
-------------------------+-------+-------++-------
Melee: Mace              |   143 |   147 ||   290
  Use: Scroll            |     1 |    11 ||    12
 Stab: Paralysed         |     1 |       ||     1
       Petrifying        |     1 |       ||     1
       Confused          |       |     3 ||     3
Armor: Leather armour    |    69 |    18 ||    87
       Scale mail        |       |    50 ||    50
Dodge: Dodged            |    89 |    70 ||   159
Block: Buckler           |       |    15 ||    15

Inventory:

Hand Weapons
 a - a +0 mace of chaos (weapon)
Armour
 b - a +2 leather armour
 h - a +0 buckler (worn)
   (You found it on level 3 of the Dungeon)
 i - a +0 scale mail (worn)
   (You took it off Terence on level 3 of the Dungeon)
 j - a cursed +0 helmet (worn)
   (You found it on level 2 of the Dungeon)
Jewellery
 c - an uncursed ring of ice
   (You found it on level 5 of the Dungeon)
Scrolls
 e - a scroll of noise
 f - a scroll of fog
 l - 2 scrolls of random uselessness
 n - 2 scrolls of remove curse
 y - 3 scrolls of magic mapping


You were on level 4 of the Dungeon.
You worshipped Xom.
You were a toy of Xom.
You were not hungry.

You visited 1 branch of the dungeon, and saw 5 of its levels.

You collected 108 gold pieces.

Dungeon Overview and Level Annotations

Branches:
Dungeon (5/15)
 Temple: D:4-7

Altars:
Elyvilon
Sif Muna
Xom

Annotations:
D:2 Sigmund
D:5 Edmund

.....#..# ............#
#.....###....%...#####
.##.......'.......#.....
........###.....#.#.####
.##.....# .....#.#.####
.##..#..###.... ........
............... ........
.##..#{.####.####.#.#.##
#.....@....... # #
##..#.#####.## # #..#. #
... .. # ....... .
.##..#. ..... ###.##


There were no monsters in sight!

Notes
Turn   | Place    | Note
-------+----------+-------------------------------------------
     0 | D:1      | theanonym the Mummy Chaos Knight began the quest for the Orb.
     0 | D:1      | Reached XP level 1. HP: 18/18 MP: 1/1
   111 | D:1      | Reached XP level 2. HP: 19/24 MP: 2/2
   397 | D:1      | XOM: silly message
   438 | D:1      | Reached skill level 3 in Maces & Flails
   471 | D:1      | XOM: divination: magic mapping
   535 | D:1      | XOM: harmless Erth miscast
   650 | D:2      | XOM: harmless Pois miscast
   664 | D:2      | Reached XP level 3. HP: 29/29 MP: 3/3
   665 | D:2      | XOM: cloud trail
   857 | D:2      | Found a shimmering altar of Xom.
   862 | D:2      | Noticed Sigmund
   920 | D:2      | Found a shimmering altar of Xom.
   920 | D:2      | Found a shimmering altar of Xom.
   922 | D:2      | Found a shimmering altar of Xom.
   922 | D:2      | Found a shimmering altar of Xom.
  1005 | D:3      | HP: 4/29 [acid (12)]
  1014 | D:2      | Found a shimmering altar of Xom.
  1014 | D:2      | XOM: 2-stop teleportation journey
  1085 | D:2      | XOM: harmless Fire miscast
  1352 | D:2      | XOM: summons 2 hostile shadow creatures
  1467 | D:3      | Noticed Terence
  1517 | D:3      | Reached XP level 4. HP: 20/37 MP: 4/4
  1806 | D:3      | Killed Terence
  1806 | D:3      | Reached skill level 4 in Maces & Flails
  1896 | D:3      | Reached skill level 4 in Fighting
  2065 | D:3      | XOM: blink monster(s)
  2066 | D:3      | XOM: confusion
  2073 | D:3      | Reached XP level 5. HP: 42/42 MP: 5/5
  2147 | D:3      | Found a deep blue altar of Sif Muna.
  2573 | D:4      | XOM: summons friendly ufetubus
  2719 | D:5      | Entered Level 5 of the Dungeon
  2771 | D:5      | XOM: 6-stop teleportation journey
  2793 | D:5      | Noticed a centaur
  2820 | D:5      | HP: 19/42 [centaur (3)]
  2822 | D:5      | HP: 8/42 [centaur (5)]
  2846 | D:5      | Found a white marble altar of Elyvilon.
  2854 | D:5      | Noticed Edmund
  2877 | D:5      | XOM: potion effect (curing)
  2910 | D:5      | XOM: silly message
  3006 | D:5      | XOM: cloud trail
  3060 | D:5      | Noticed a centaur
  3074 | D:5      | Killed a centaur
  3074 | D:5      | XOM: divine lightning
  3090 | D:5      | XOM: summons friendly shadow imp
  3109 | D:5      | HP: 21/42 [worker ant (3)]
  3292 | D:5      | Noticed a sky beast
  3298 | D:5      | XOM: god gift: quarterstaff {god gift}
  3315 | D:4      | Reached XP level 6. HP: 42/49 MP: 6/6
  3317 | D:4      | HP: 22/49 [sky beast (5)]
  3320 | D:4      | XOM: cleaving
  3322 | D:4      | HP: 22/49 [something (2)]
  3324 | D:4      | HP: 8/49 [something (3)]
  3324 | D:4      | HP: 2/49 [something (6)]
  3325 | D:4      | Slain by a sky beast

Vanquished Creatures
  A crimson imp (D:5)
  An orc wizard (D:4)
  A centaur skeleton (D:4)
  2 worker ants
  Terence (D:3)
  4 adders
  2 worms
  2 leopard geckos (D:2)
  2 giant cockroaches
  11 goblins
  10 hobgoblins
  4 jackals
  3 quokkas
  2 ball pythons
  6 bats
  4 frilled lizards
  6 kobolds
  A quokka skeleton (D:4)
  4 rats
67 creatures vanquished.

Vanquished Creatures (others)
  A centaur (D:5)
  A crimson imp (D:3)
  A quokka (D:5)
3 creatures vanquished.

Grand Total: 70 creatures vanquished

Table legend:
 A = Turns spent in this place as a percentage of turns spent in the entire game.
 B = Non-inter-level travel turns spent in this place as a percentage of non-inter-level travel turns spent in the entire game.
 C = Inter-level travel turns spent in this place as a percentage of turns spent in this place.
 D = Turns resting spent in this place as a percentage of non-inter-level travel turns spent in this place.
 E = Turns spent auto-exploring this place as a percentage of non-inter-level travel turns spent in this place.
 F = Non-inter-level travel turns spent in this place divided by the number of levels of this place that you've seen.
                   A       B       C       D       E      F
               +-------+-------+-------+-------+-------+----------------------
         Total | 100.0 | 100.0 |   3.6 |  40.5 |  34.4 | 641.0
       Dungeon | 100.0 | 100.0 |   3.6 |  40.5 |  34.4 | 641.0
               +-------+-------+-------+-------+-------+----------------------
